AoeStats
← frank

Nomad

503541908Analyzed
1v1 RM · 1mo ago on Sep 1, 2026· 19m 59s· 2 players
Game mode
Random Map
Map size
126×126
Population
200
Speed
Normal
Resources
Standard
Victory
Conquest
Starting age
Dark Age
Ending age
Imperial Age
RankedLock teamsTeams togetherTeam positionsShared explorationLock speedFull tech treeHidden civsTurbo modeCheats
Victory
Defeat
🇺🇸 Georgians · United States
1232
+16
🇲🇽 Georgians · Mexico
1226
-16
frank
6:13 Loom
14:20 Feudal Age
21:14 Castle Age
19:37 Double-Bit Axe
19:33 Horse Collar
20:24 Padded Archer Armor
the fgzb
10:18 Loom
12:49 Feudal Age
17:03 Castle Age
16:14 Fletching
17:18 Bloodlines
19:36 Double-Bit Axe
20:07 Husbandry
Connection lost

Rejoining the realm…

Still unreachable

The connection could not be restored.

Session expired

The server has moved on; the page needs a fresh start.